 Dungeon Crawl Stone Soup version 0.22-a0-305-gd21a89c (webtiles) character file.

438 xccam the Shield-Bearer (level 7, -2/52 HPs)
             Began as a Formicid Fighter on Mar 30, 2018.
             Slain by Grinder (3 damage)
             ... on level 4 of the Dungeon.
             The game lasted 00:06:12 (2632 turns).

xccam the Shield-Bearer (Formicid Fighter)          Turns: 2632, Time: 00:06:13

Health: -2/52      AC:  9    Str: 23    XL:     7   Next: 21%
Magic:  7/7        EV:  9    Int:  7    God:
Gold:   140        SH: 10    Dex: 10    Spells: 6/6 levels left

rFire    + . .     SeeInvis +   a - +0 war axe
rCold    + + .     Gourm    .   c - +0 shield
rNeg     . . .     Faith    .   d - +1 ring mail {rC+}
rPois    +         Spirit   .   (helmet unavailable)
rElec    +         Reflect  .   q - +2 cloak
rCorr    +         Harm     .   (no gloves)
MR       .....                  (no boots)
Stlth    ..........             (no amulet)
HPRegen  0.17/turn              (no ring)
MPRegen  0.10/turn              (no ring)

@: resistant
A: permanent stasis, dig shafts and tunnels, four strong arms, antennae 3,
evolution 1
a: Dig, Shaft Self


You were on level 4 of the Dungeon.
You were not hungry.

You visited 1 branch of the dungeon, and saw 4 of its levels.

You collected 140 gold pieces.

Inventory:

Hand Weapons
 a - a +0 war axe (weapon)
Armour
 c - a +0 shield (worn)
 d - a +1 ring mail of cold resistance (worn)
 o - a +0 plate armour
 q - a +2 cloak (worn)
Jewellery
 h - an uncursed ring of ice
Wands
 i - a wand of polymorph (12)
Scrolls
 b - a scroll of enchant armour {unknown}
 j - 2 scrolls of remove curse
 m - 2 scrolls of identify {unknown}
 p - 2 scrolls of teleportation {unknown}
Potions
 e - a potion of cancellation
Comestibles
 f - 5 rations


   Skills:
 - Level 3.2 Fighting
 * Level 6.0 Axes
 - Level 3.2 Armour
 + Level 6.0 Shields


You had 6 spell levels left.
You didn't know any spells.

Dungeon Overview and Level Annotations

Branches:
Dungeon (4/15)
 Temple: D:4-7

Altars:
Fedhas

Annotations:
D:4 Grinder


Innate Abilities, Weirdness & Mutations

You cannot be hasted, slowed, berserked, paralysed or teleported.
You can dig through walls and to a lower floor.
Your four strong arms can wield two-handed weapons with a shield.
You have a pair of large antennae on your head. (SInv)
You evolve.


Message History

* * * LOW HITPOINT WARNING * * *
Unknown command.
It was a potion of mutation.
You feel extremely strange.
You feel nature experimenting on you.
Don't worry, failures die fast.
You block Grinder's attack.
You hit Grinder.
Grinder is heavily wounded.
Grinder gestures at you. Pain shoots through your body!
* * * LOW HITPOINT WARNING * * *
Unknown command.
You closely miss Grinder.
Grinder is heavily wounded.
Grinder gestures at you.
Your stasis prevents you from being paralysed.
Unknown command.
You closely miss Grinder.
Grinder is heavily wounded.
Grinder hits you.
You die...

.. #.## ....
#.?#..##....
#..#........
####..#.P.P^...
#.....#.._.....
#......?P.P%...
#..............
#.....5@#
#.....#>#
#.......#
#.!...#.#
#.....#.###
####. #...# #.
###.# #..# #.#
#..# #.#


You could see Grinder.

Vanquished Creatures
  Sigmund (D:3)
  Crazy Yiuf (D:3)
  2 orc priests (D:3)
  A worker ant (D:4)
  Robin (D:3)
  3 gnolls (D:3)
  4 adders (D:3)
  An ooze (D:1)
  A worm (D:3)
  2 dart slugs
  A leopard gecko (D:2)
  11 orcs (D:3)
  A ball python (D:1)
  2 giant cockroaches (D:1)
  14 goblins
  5 hobgoblins
  8 bats
  4 frilled lizards
  8 kobolds
  14 rats
  2 fungi (D:3)
87 creatures vanquished.

Notes
Turn   | Place    | Note
-------+----------+-------------------------------------------
     0 | D:1      | xccam the Formicid Fighter began the quest for the Orb.
     0 | D:1      | Reached XP level 1. HP: 18/18 MP: 1/1
    25 | D:1      | Reached XP level 2. HP: 24/24 MP: 2/2
    97 | D:1      | Reached XP level 3. HP: 27/29 MP: 3/3
   984 | D:3      | Reached XP level 4. HP: 35/35 MP: 4/4
  1056 | D:3      | Noticed Robin
  1075 | D:3      | Killed Robin
  1139 | D:3      | Noticed Sigmund
  1181 | D:3      | Killed Sigmund
  1181 | D:3      | Reached skill level 5 in Axes
  1181 | D:3      | Reached skill level 5 in Shields
  1181 | D:3      | Reached XP level 5. HP: 9/41 MP: 5/5
  1181 | D:3      | Reached XP level 6. HP: 11/47 MP: 6/6
  2081 | D:3      | Reached XP level 7. HP: 15/52 MP: 7/7
  2546 | D:3      | Found a runed door.
  2550 | D:3      | Noticed Crazy Yiuf
  2555 | D:3      | Killed Crazy Yiuf
  2612 | D:4      | Found a blossoming altar of Fedhas.
  2613 | D:4      | Noticed Grinder
  2629 | D:4      | Gained mutation: You evolve. [potion of mutation]
  2630 | D:4      | HP: 1/52 [Grinder/nerve-wracking pain (4)]
  2632 | D:4      | Slain by Grinder

Vault maps used:
D:1:      erik_arrival_orb_chamber
D:3:      first_ration, uniq_sigmund, uniq_crazy_yiuf_cottage, uniq_robin
D:4:      serial_shops, kennysheep_mini, fedhas_altar_1, uniq_grinder

Skill      XL: |  1  2  3  4  5  6  7 |
---------------+----------------------+-----
Shields        | 4 5 6 |  6.0
Axes           | 3 5 6 |  6.0
Fighting       | |  3.2
Armour         | |  3.2

Action                   |  1- 3 |  4- 6 |  7- 9 || total
-------------------------+-------+-------+-------++-------
Melee: War axe           |    94 |   127 |    32 ||   253
 Abil: Dig               |     3 |       |       ||     3
  Use: Potion            |       |     5 |     3 ||     8
       Scroll            |       |     2 |       ||     2
  Eat: Chunk             |       |     4 |     2 ||     6
Armor: Scale mail        |    47 |    33 |       ||    80
       Ring mail         |       |    20 |     2 ||    22
Dodge: Dodged            |    37 |    30 |     5 ||    72
Block: Shield            |    59 |    82 |    12 ||   153

Table legend:
 A = Spawn XP
 B = Non-spawn XP
 C = Spawn XP percentage of total XP
 D = Spawn monster count
 E = Non-spawn monster count
 F = Spawn count percentage of total count
 G = Total turns spent on level
                    A         B        C        D         E        F      G
               +---------+---------+-------+---------+---------+-------+---------
         Total |       0 |     626 |   0.0 |       0 |      85 |   0.0 |  2632
               +---------+---------+-------+---------+---------+-------+---------
           D:1 |       0 |      44 |   0.0 |       0 |      27 |   0.0 |   404
           D:2 |       0 |      15 |   0.0 |       0 |       8 |   0.0 |   548
           D:3 |       0 |     535 |   0.0 |       0 |      49 |   0.0 |  1632
           D:4 |       0 |      32 |   0.0 |       0 |       1 |   0.0 |    48
               +---------+---------+-------+---------+---------+-------+---------
